Get step-by-step instructions on how to execute this build order below. Start the game timer, and the build order will tick by so you can play in parallel with StarCraft on a second screen or mobile device.

Game Time

  0:00

Last Step

  N/A

Next Step

Upcoming Step



Don't want to look back and forth between 2 screens? Try out our Overwolf App, the Spawning Tool Build Advisor to get an in-game overlay with this build!

Complete Build Order

  12  0:01  Probe  
  13  0:13  Probe  
  14  0:25  Pylon  
  14  0:28  Probe  
  15  0:43  Probe (Chrono Boost)  
  15  0:47  Gateway  
  16  0:53  Assimilator  
  16  0:55  Probe (Chrono Boost)  
  17  1:01  Probe (Chrono Boost)  
  18  1:09  Probe  
  19  1:21  Probe  
  20  1:34  Probe  
  20  1:38  Cybernetics Core  
  20  1:39  Zealot  
  23  1:41  Gateway  
  23  1:47  Pylon  
  23  2:11  Nexus  
  23  2:18  Warp Gate  
  23  2:33  Zealot  
  24  2:48  Shield Battery  
  24  2:49  Twilight Council  
  24  2:51  Gateway  
  24  2:57  Gateway  
  24  3:00  Probe  
  25  3:10  Sentry  
  25  3:12  Probe  
  28  3:16  Assimilator  
  28  3:23  Probe  
  28  3:24  Probe  
  30  3:35  Charge (Chrono Boost)  
  30  3:39  Probe  
  31  3:51  Probe  
  31  3:52  Probe  
  33  4:03  Probe  
  33  4:04  Probe  
  33  4:07  Zealot  
  37  4:22  Zealot  
  37  4:23  Zealot  
  41  4:28  Probe, Pylon  
  42  4:31  Zealot  
  42  4:32  Zealot  
  46  4:46  Probe  
  46  4:47  Zealot x2  
  51  4:53  Probe  
  51  4:57  Shield Battery  
  52  5:03  Zealot  
  54  5:07  Pylon  
  54  5:09  Assimilator  
  54  5:11  Assimilator  
  54  5:15  Pylon  
  54  5:25  Probe  
  54  5:28  Probe  
  54  5:42  Zealot x4  
  58  6:03  Zealot x3  
  54  6:04  Zealot  
  54  6:07  Gateway  
  49  6:27  Zealot x2  
  49  6:28  Zealot x2  
  51  6:42  Probe  
  48  6:47  Gateway  
  48  6:49  Gateway  
  48  6:59  Zealot x4  
  52  7:10  Probe  
  52  7:11  Stalker  
  55  7:21  Zealot  
  55  7:22  Zealot x3  
  61  7:38  Probe  
  61  7:39  Stalker  
  64  7:47  Zealot x2  
  68  7:52  Pylon  
  68  7:55  Zealot, Pylon  
  58  8:13  Zealot  
  58  8:14  Zealot x5